 Dungeon Crawl Stone Soup version 0.26.0-91-g99b343417d (webtiles) character file.

Game seed: 15246508475575130494

228 PentaManta the Ruffian (level 5, -2/50 HPs)
             Began as a Troll Abyssal Knight on Feb 3, 2021.
             Was a Believer of Lugonu.
             Killed by divine providence
             ... invoked by an orc priest
              (15 damage)
             ... on level 4 of the Dungeon.
             The game lasted 00:04:23 (3117 turns).

PentaManta the Ruffian (Troll Abyssal Knight)       Turns: 3117, Time: 00:04:24

Health: -2/50      AC:  7    Str: 21    XL:     5   Next: 70%
Magic:  2/6        EV: 10    Int:  8    God:    Lugonu [**....]
Gold:   376        SH:  0    Dex:  9    Spells: 4/4 levels left

rFire    . . .     SeeInvis .     - Unarmed
rCold    . . .     Faith    .   (no shield)
rNeg     . . .     Spirit   .   a - +1 robe
rPois    .         Reflect  .   (helmet restricted)
rElec    .         Harm     .   (no cloak)
rCorr    .         Rampage  .   (gloves unavailable)
Will     +....                  (boots unavailable)
Stlth    +.........             (no amulet)
HPRegen  0.56/turn              p - ring of willpower
MPRegen  0.10/turn              (no ring)

@: no status effects
A: large, unfitting armour, claws 3, regeneration 1, shaggy fur 1, tough skin 3
a: Renounce Religion, Depart the Abyss, Bend Space


You were on level 4 of the Dungeon.
You worshipped Lugonu.
Lugonu was pleased with you.
You visited 1 branch of the dungeon, and saw 4 of its levels.
You visited the Abyss 1 time.

You collected 376 gold pieces.

Inventory:

Missiles
 g - 5 large rocks
 s - 3 boomerangs
Armour
 a - a +1 robe (worn)
Jewellery
 p - a ring of willpower (left claw)
 u - an uncursed ring of fire
 y - a +4 ring of protection {unknown}
Wands
 e - a wand of enslavement (8)
 q - a wand of digging (7)
 z - a wand of flame (15)
Scrolls
 d - 5 scrolls of teleportation
 i - 3 scrolls of remove curse
 k - 3 scrolls of fear {unknown}
 m - 5 scrolls of identify {unknown}
 o - a scroll of enchant weapon {unknown}
 x - a scroll of fog {unknown}
Potions
 b - a potion of lignification {unknown}
 c - a potion of haste {unknown}
 f - a potion of heal wounds {unknown}
 h - 2 potions of curing {unknown}
 j - a potion of might {unknown}
 l - 2 potions of mutation {unknown}
 n - a potion of berserk rage {unknown}
 r - a potion of flight {unknown}
 t - 2 potions of attraction {unknown}
 v - a potion of invisibility {unknown}
 w - a potion of degeneration {unknown}


   Skills:
 - Level 2.4 Fighting
 - Level 1.9 Dodging
 + Level 5.4 Unarmed Combat
 * Level 2.8 Invocations


You had 4 spell levels left.
You didn't know any spells.
Your spell library was empty.

Dungeon Overview and Level Annotations

Branches:
Dungeon (4/15)             Temple (0/1) D:4

Altars:
Cheibriados
Wu Jian

Annotations:
D:4 1 transporter


Innate Abilities, Weirdness & Mutations

You are too large for most types of armour.
You have claws for hands.
Your natural rate of healing is unusually fast.
You are covered in fur. (AC +1)
You have extremely tough skin. (AC +3)


Message History

Splash!
You fall into the shallow water.
Moving in this stuff is going to be slow.
Space bends around you!
You blink.
The shadow imp barely misses you.
You scratch the shadow imp.
The shadow imp is moderately wounded.
The shadow imp hits you but does no damage.
The orc priest looks braver for a moment.
You barely miss the shadow imp.
The shadow imp is moderately wounded.
The shadow imp hits you but does no damage.
You claw the shadow imp!
You kill the shadow imp!
Lugonu accepts your kill.
The orc priest mumbles some strange prayers to Beogh against you.
Beogh smites you!
* * * LOW HITPOINT WARNING * * *
The orc priest calls down the wrath of Beogh upon you.
Beogh smites you!
You die...

..........#
#.....©.....#.##....
..........#
#.#########.........
..........#
#.#8P$©$P8#.........
..........#
#.#≈..$..≈#.........
#####....##
#.####+####.........
#....#
#.#.≈...≈.#........#
###....#
#.#.≈...≈.#........#
#......#
#.#.≈PP≈≈.#........#
#......#
#.#@≈≈⌠≈≈5#.........
#......#
#.#5≈≈≈§≈o#.........
###....#
#.#.≈...≈o#.##......
######
#.#.≈...≈.#.##......
#.####'####.##......
#.#P.....P#.#.......
#.#8P.©.P8#.#.......
#.#########.#...)...
#.....©.....#.......


You could see 2 orc priests and 2 shadow imps.

Vanquished Creatures
  An orc priest (D:2)
  2 orc wizards
  A worker ant (D:4)
  A hound skeleton (D:4)
  2 adders (D:2)
  A shadow imp (D:4)
  4 worms
  A dart slug (D:2)
  3 leopard geckos
  5 orcs
  8 bats
  8 giant cockroaches
  5 goblins
  5 hobgoblins
  A quokka (D:2)
  12 frilled lizards (D:1)
  6 kobolds
  4 rats
70 creatures vanquished.

Notes
Turn   | Place    | Note
-------+----------+-------------------------------------------
     0 | Abyss:1  | PentaManta the Troll Abyssal Knight began the quest for the
                  | Orb.
     0 | Abyss:1  | Reached XP level 1. HP: 22/22 MP: 1/1
    31 | Abyss:2  | Noticed a large abomination
    34 | Abyss:2  | Noticed a spatial vortex
    35 | Abyss:2  | Noticed a spatial maelstrom
    35 | Abyss:2  | Noticed a spatial vortex
    35 | Abyss:2  | Noticed a spatial vortex
    41 | Abyss:2  | Noticed a spatial vortex
    43 | D:1      | Escaped the Abyss
   104 | D:1      | Reached * piety under Lugonu
   119 | D:1      | Reached XP level 2. HP: 16/29 MP: 2/2
   148 | D:1      | You fall into a shaft and drop 1 floor!
   187 | D:2      | Reached skill level 3 in Unarmed Combat
   283 | D:2      | Reached XP level 3. HP: 36/36 MP: 3/3
   283 | D:2      | Found a snail-covered altar of Cheibriados.
   300 | D:2      | Reached skill level 4 in Unarmed Combat
   303 | D:2      | Reached XP level 4. HP: 41/44 MP: 4/4
   306 | D:2      | Reached ** piety under Lugonu
   433 | D:2      | Reached skill level 5 in Unarmed Combat
   521 | D:2      | Found an ornate altar of the Wu Jian Council.
  1731 | D:1      | Reached XP level 5. HP: 50/50 MP: 5/5
  2383 | D:4      | Found a transporter.
  2400 | D:4      | Found a transporter.
  2747 | D:4      | Found a staircase to the Ecumenical Temple.
  3117 | D:4      | Killed from afar by an orc priest

Illustrated notes

Levels and vault maps discovered:
D:1:      saegor_arrival_simple_e, layout_basic, minmay_lizard_pond
D:2:      layout_rooms, kennysheep_slug_shrine, nicolae_overflow_hidden_temple,
          nrook_loot_triangle, chequers_serial_rivers_large_a
D:3:      layout_loops_ring
D:4:      gammafunk_wand_slinger, layout_basic, minmay_temple_entry_trees

Skill      XL: |  1  2  3  4  5 |
---------------+----------------+-----
Unarmed Combat | 3 4 5 |  5.4
Invocations    | 2 |  2.8
Fighting       | |  2.4
Dodging        | |  1.9

Action                   |  1- 3 |  4- 6 || total
-------------------------+-------+-------++-------
Melee: Unarmed           |    53 |   112 ||   165
       Punch             |       |     1 ||     1
Invok: Depart the Abyss  |     1 |       ||     1
       Bend Space        |       |     4 ||     4
  Use: Scroll            |       |     4 ||     4
Armor: Robe              |    28 |    58 ||    86
Dodge: Dodged            |    39 |    63 ||   102
